 Dungeon Crawl Stone Soup version 0.28.0-47-ge53b351184 (webtiles) character file.

Game seed: 10689357655547559261

79 Peloso the Shield-Bearer (level 4, -5/40 HPs)
             Began as a Minotaur Fighter on May 10, 2022.
             Slain by an orc
             ... wielding a +4 dagger
              (7 damage)
             ... on level 1 of the Dungeon.
             The game lasted 00:02:40 (1528 turns).

Peloso the Shield-Bearer (Minotaur Fighter)         Turns: 1528, Time: 00:02:40

Health: -5/40      AC:  9    Str: 21    XL:     4   Next: 17%
Magic:  3/3        EV:  7    Int:  5    God:
Gold:   82         SH:  4    Dex: 11    Spells: 3/3 levels left

rFire   . . .      SeeInvis .   a - +0 long sword
rCold   . . .      Faith    .   c - +0 buckler
rNeg    . . .      Spirit   .   h - +0 chain mail
rPois   .          Reflect  .   (helmet restricted)
rElec   .          Harm     .   (no cloak)
rCorr   .          Rampage  .   (no gloves)
Will    .....                   (no boots)
Stlth   ..........              (no amulet)
HPRegen 0.13/turn               (no ring)
MPRegen 0.08/turn               (no ring)

@: no status effects
A: horns 2, retaliatory headbutt
a: no special abilities


You were on level 1 of the Dungeon.
You visited 1 branch of the dungeon, and saw 2 of its levels.

You collected 82 gold pieces.

Inventory:

Hand Weapons
 a - a +0 long sword (weapon)
Armour
 b - a +0 scale mail
 c - a +0 buckler (worn)
 h - a +0 chain mail (worn)
Jewellery
 g - a ring of wizardry
Scrolls
 e - a scroll of identify {unknown}
 f - 2 scrolls of teleportation
Potions
 d - a potion of might
 j - a potion of curing


   Skills:
 + Level 4.2 Fighting
 + Level 3.6 Long Blades
 + Level 4.3 Armour
 + Level 0.1 Stealth
 + Level 4.3 Shields


You had 3 spell levels left.
You didn't know any spells.
Your spell library was empty.

Dungeon Overview and Level Annotations

Branches:
Dungeon (2/15)

Altars:


Innate Abilities, Weirdness & Mutations

You have a pair of horns on your head.
You reflexively headbutt those who attack you in melee.


Message History

The orc wizard points at you and mumbles some strange words.
You are more confused.
You bump into the rock wall.
The orc hits you with a +4 dagger.
* * * LOW HITPOINT WARNING * * *
The orc wizard hits you but does no damage.
You feel better. The orc hits you but does no damage.
The orc wizard barely misses you. You furiously retaliate!
You headbutt the orc wizard.
Unknown command.
You barely miss the orc wizard.
The orc wizard is almost dead.
The orc hits you but does no damage.
The orc wizard points at you and mumbles some strange words.
The puff of flame hits you!
* * * LOW HITPOINT WARNING * * *
You hit the orc wizard.
You kill the orc wizard!
The orc hits you but does no damage. The orc hits you with a +4 dagger.
* * * LOW HITPOINT WARNING * * *
You have reached level 4!
You feel stronger.
You hit the orc.
The orc is heavily wounded.
The orc hits you but does no damage.
You closely miss the orc.
The orc is heavily wounded.
You block the orc's attack.
You hit the orc. Your headbutt misses the orc.
The orc is severely wounded.
The orc hits you with a +4 dagger.
* * * LOW HITPOINT WARNING * * *
You barely miss the orc.
The orc is severely wounded.
The orc hits you with a +4 dagger.
* * * LOW HITPOINT WARNING * * *
You block the orc's attack.
You hit the orc.
The orc is almost dead.
The orc hits you with a +4 dagger!
You die...

########.#.#.###'######...#
.......#.#.#..............#
######.#.#.##.............#
######.#.#.##.............#
.##....#.#.###.#.######...#
.##.####.#.# #...# #...#
.##.####.#.# ##..# #####
....#....#.# #).#
.####.####.# ##@#
...[...#...# ###o#
#####..#.#.# #...#
.......#.#.# #...#
######.#.### #...# .# #.#.#
#...# .# #.#.# #...#
.#####.#.# #...# .......#.#
#...#


You could see an orc.

Vanquished Creatures
  An orc wizard (D:1)
  A worm (D:2)
  A dart slug (D:1)
  An orc (D:1)
  4 bats (D:1)
  3 endoplasms (D:1)
  3 giant cockroaches
  2 goblins (D:2)
  5 hobgoblins
  7 jackals (D:1)
  5 quokkas (D:1)
  2 ball pythons (D:1)
  5 frilled lizards
  2 rats (D:1)
42 creatures vanquished.

Notes
Turn   | Place    | Note
-------+----------+-------------------------------------------
     0 | D:1      | Peloso the Minotaur Fighter began the quest for the Orb.
     0 | D:1      | Reached XP level 1. HP: 19/19 MP: 0/0
    97 | D:1      | Reached XP level 2. HP: 27/27 MP: 1/1
   606 | D:1      | Reached XP level 3. HP: 33/33 MP: 2/2
  1524 | D:1      | Reached XP level 4. HP: 6/40 MP: 3/3
  1527 | D:1      | HP: 2/40 [orc/+4 dagger (1)]
  1528 | D:1      | Slain by an orc

Illustrated notes

Levels and vault maps discovered:
D:1:      minmay_arrival_jagged, layout_basic
D:2:      layout_rooms, basic_ecumenical_altar, minmay_misc_feat_square

Skill      XL: |  1  2  3 |
---------------+----------+-----
Armour         | 4 |  4.3
Shields        | 4 |  4.3
Fighting       | 4 |  4.2
Long Blades    | 3 |  3.6
Stealth        | |  0.1

Action                   |  1- 3 |  4- 6 || total
-------------------------+-------+-------++-------
Melee: Long sword        |    92 |     5 ||    97
       Headbutt          |    13 |       ||    13
  Use: Scroll            |     3 |       ||     3
       Potion            |     2 |       ||     2
Armor: Scale mail        |    24 |       ||    24
       Chain mail        |    29 |     1 ||    30
Dodge: Dodged            |    50 |       ||    50
Block: Buckler           |    20 |     2 ||    22
